 Dungeon Crawl Stone Soup version 0.30.1-4-g462c640d31 (webtiles) character file.

Game seed: 11067532890421028240

27446 Zeor the Cruncher (level 13, -2/80 HPs)
             Began as a Gargoyle Gladiator on Sept 7, 2023.
             Was an Elder of Vehumet.
             Slain by a death yak (17 damage)
             ... on level 4 of the Lair of Beasts.
             The game lasted 00:59:43 (12846 turns).

Zeor the Cruncher (Gargoyle Gladiator)             Turns: 12846, Time: 00:59:43

Health: -2/80      AC: 27    Str: 22    XL:     13   Next: 32%
Magic:  0/21       EV: 12    Int: 13    God:    Vehumet [****..]
Gold:   668        SH:  0    Dex: 11    Spells: 10/23 levels left

rFire   . . .        a - +1 quarterstaff (freeze)
rCold   . . .        (shield currently unavailable)
rNeg    + . .        Q - +1 ring mail of the Dragon {Will+}
rPois   ∞            c - +1 helmet
rElec   +            n - +1 cloak
rCorr   +            U - +2 pair of gloves of Responsibility {Will+}
SInv    .            M - +0 pair of boots
Will    ++...        x - amulet of Starshine {Spirit Int+3}
Stlth   ++           Y - ring of resist corrosion
HPRegen 0.33/turn    (no ring)
MPRegen 0.17/turn

%: guardian spirit
@: mighty, freezing walls
A: sickness immunity, AC +9, negative energy resistance 1, electricity
resistance, torment resistance 1, petrification resistance
a: Renounce Religion


You were on level 4 of the Lair of Beasts.
You worshipped Vehumet.
Vehumet was greatly pleased with you.
You visited 3 branches of the dungeon, and saw 15 of its levels.
You also visited: Bailey.

You collected 869 gold pieces.
You spent 201 gold pieces at shops.

Inventory:

Hand Weapons
 a - a +1 quarterstaff of freezing (weapon)
 b - a +3 mace of venom
 w - a +2 quarterstaff of chaos
Missiles
 d - 5 throwing nets (quivered)
 e - 6 javelins
 p - 7 curare-tipped darts
 F - 6 atropa-tipped darts
 H - 70 poisoned darts
Armour
 c - a +1 helmet (worn)
 n - a +1 cloak (worn)
 J - an orb of light
 M - a +0 pair of boots (worn)
 Q - the +1 ring mail of the Dragon (worn) {Will+}
   (You found it on level 8 of the Dungeon)

   Will:      It increases your willpower.
 U - the +2 pair of gloves of Responsibility (worn) {Will+}
   (You found it on level 3 of the Lair of Beasts)

   Will:      It increases your willpower.
 W - a +2 chain mail of fire resistance
Magical Staves
 r - a staff of air
 R - a staff of earth
Jewellery
 x - the amulet of Starshine (around neck) {Spirit Int+3}
   (You acquired it on level 3 of the Dungeon)

   [amulet of guardian spirit]

   It causes incoming damage to be divided between your reserves of health and
   magic.
   Int:       It affects your intelligence (+3).
 G - an amulet of faith
 Y - a ring of resist corrosion (left hand)
Wands
 f - a wand of mindburst (25)
 h - a wand of digging (2)
 m - a wand of polymorph (18)
 u - a wand of flame (17)
 y - a wand of roots (18)
 X - a wand of quicksilver (6)
Scrolls
 i - a scroll of brand weapon
 q - a scroll of enchant weapon
 t - 2 scrolls of magic mapping
 z - 2 scrolls of teleportation
 A - a scroll of amnesia
 B - 2 scrolls of poison
 C - 2 scrolls of blinking
 O - a scroll of vulnerability
 P - 5 scrolls of enchant armour
 T - a scroll of fog
Potions
 g - 6 potions of heal wounds
 j - 5 potions of curing
 k - 2 potions of resistance
 l - 3 potions of lignification
 o - 2 potions of flight
 s - a potion of berserk rage
 v - a potion of ambrosia
 D - 3 potions of invisibility
 E - 3 potions of brilliance
 K - 2 potions of magic
 L - a potion of cancellation {unknown}
 N - 3 potions of mutation {unknown}
 S - a potion of might
 V - 2 potions of attraction {unknown}
Miscellaneous
 I - a lightning rod (4/4)


   Skills:
 + Level 9.3 Fighting
 + Level 1.7(9.6) Maces & Flails
 + Level 14.6(14.7) Staves
 + Level 3.2 Throwing
 * Level 8.7 Armour
 + Level 4.5 Dodging
 + Level 4.5 Stealth
 * Level 5.7 Spellcasting
 * Level 5.7 Conjurations
 + Level 0.2 Transmutations
 + Level 0.8 Ice Magic
 + Level 0.8 Air Magic
 * Level 6.8 Earth Magic
 + Level 1.7 Poison Magic


You had 10 spell levels left.
You knew the following spells:

 Your Spells              Type           Power      Damage    Failure   Level
a - Stone Arrow           Conj/Erth      40%        3d9       1%          3
b - Sandblast             Erth           42%        2d11      1%          1
c - Mephitic Cloud        Conj/Pois/Air  10%        N/A       7%          3
k - Kiss of Death         Conj/Necr      44%        2d8       2%          1
p - Passwall              Tmut/Erth      10%        N/A       9%          2
r - Frozen Ramparts       Ice            10%        1d2       14%         3

Your spell library contained the following spells:

 Spells                   Type           Power      Damage    Failure   Level
 Magic Dart               Conj           72%        1d6       1%          1
 Ensorcelled Hibernation  Hex/Ice        8%         N/A       32%         2
 Call Imp                 Summ           6%         N/A       36%         2
 Spider Form              Tmut/Pois      6%         N/A       45%         3
 Borgnjor's Vile Clutch   Necr/Erth      6%         N/A       86%         5
 Anguish                  Hex/Necr       1%         N/A       94%         4
 Alistair's Intoxication  Tmut/Pois      4%         N/A       99%         5
 Eringya's Noxious Bog    Tmut/Pois      3%         N/A       99%         6


Dungeon Overview and Level Annotations

Branches:
Dungeon (10/15)            Temple (1/1) D:6            Lair (4/5) D:10
 Shoals (0/4) Lair:2        Snake (0/4) Lair:2       Bailey (visited)
  Slime: Lair:4-5       Orc: D:9-12

Altars:
Ashenzari
Cheibriados
Dithmenos
Elyvilon
Fedhas
Gozag
Hepliaklqana
Kikubaaqudgha
Makhleb
Nemelex Xobeh
Qazlal
Ru
Sif Muna
Trog
Uskayaw
Vehumet
Xom
Yredelemnul
Zin
The Shining One

Shops:
D:5 !   D:7 (![*   D:8 =

Annotations:
Lair:3 1 runed translucent door, Ebla's ghost, journeyman VSFE


Innate Abilities, Weirdness & Mutations

You are immune to sickness and miasma.
Your stone body is resilient. (AC +9)
You are immune to poison.
You resist negative energy. (rN+)
You are resistant to electric shocks. (rElec)
You are resistant to unholy torment.
You are immune to petrification.


Message History

The death yak is moderately wounded.
The wall freezes the black mamba but does no damage.
Casting: Frozen Ramparts (dangerous; 14% risk of failure)
Confirm with . or Enter, or press ? or * to list all spells.
Aiming: Mephitic Cloud (dangerous; 7% risk of failure)
Press: ? - help, Shift-Dir - straight line, f - death yak
Aim: a death yak (lightly wounded, chance to affect: 34%)
The ball explodes into a vile cloud!
The stinking cloud engulfs the death yak but does no damage.
The death yak is lightly wounded.
The stinking cloud engulfs the black mamba but does no damage.
The black mamba is heavily wounded.
The stinking cloud engulfs the death yak but does no damage.
The stinking cloud engulfs you but does no damage.
The stinking cloud engulfs the death yak but does no damage.
The death yak is moderately wounded.
The stinking cloud engulfs the death yak but does no damage.
The death yak is lightly wounded.
The frozen ramparts melt away.
The death yak gores you but does no damage.
The death yak is engulfed in noxious fumes. x2
The death yak gores you but does no damage.
The death yak gores you!
Casting: Mephitic Cloud (dangerous; 7% risk of failure)
Confirm with . or Enter, or press ? or * to list all spells.
Casting: Frozen Ramparts (dangerous; 14% risk of failure)
Press: ? - help, Dir - look around, f - activate
There is a cloud of noxious fumes here.
The walls around you are covered in ice.
The wall freezes the black mamba.
The black mamba seems to slow down.
The wall freezes the death yak but does no damage.
The death yak gores you!
The death yak is engulfed in noxious fumes.
The wall freezes the death yak but does no damage. x2
The death yak gores you!
* * * LOW HITPOINT WARNING * * *
The death yak is engulfed in noxious fumes.
The wall freezes the death yak but does no damage.
The death yak gores you!
You die... ▒∙⌠Y▒▒ ▒÷÷Y∙▒ ∙∙∙∙▒∙∙ ∙∙∙∙∙ ∙∙∙∙∙▒▒▒∙∙∙∙∙∙ ∙∙∙∙∙ ∙∙∙∙ ∙∙∙∙ ∙∙∙∙∙▒▒▒∙∙∙▒ ▒∙∙ ▒∙∙∙▒▒▒▒∙∙▒▒▒ ▒▒∙▒ ∙∙⌠∙∙▒▒∙∙∙▒∙▒▒▒▒▒▒▒▒∙∙▒▒▒▒▒▒ ▒∙∙∙∙▒∙∙∙▒▒∙∙∙∙▒Y∙▒▒∙∙∙∙P∙P▒∙∙ ∙∙∙∙∙∙∙∙∙∙∙∙∙∙YY9∙∙∙∙∙∙∙∙∙∙∙∙∙

∙∙(∙∙∙∙∙▒∙∙∙▒▒S▒YP∙P∙∙∙▒▒∙∙P
∙∙∙∙∙∙∙▒∙∙∙∙▒▒▒▒▒▒▒▒∙▒∙▒
▒∙∙∙∙▒▒∙∙∙∙∙▒ ▒▒▒∙▒▒
▒∙⌠∙▒∙∙∙∙∙∙∙▒ ▒∙∙▒
▒■▒■▒▒∙∙∙∙∙∙∙▒ ▒∙∙▒
▒▒∙▒∙∙▒∙▒ ▒▒∙▒▒ ▒▒∙∙∙∙▒▒
▒▒▒∙∙∙▒ ▒▒▒ ▒▒∙∙∙▒▒
▒▒∙∙▒∙∙▒▒▒ ▒∙∙


You could see 4 death yaks and a black mamba (slow).

Vanquished Creatures
  A vault guard (Bailey)
  A hydra (Lair:2)
  A death yak (Lair:3)
  Joseph (D:7)
  A torpor snail (Lair:4)
  4 cane toads
  3 rime drakes
  6 komodo dragons
  2 kobold demonologists
  Prince Ribbit (D:6)
  16 blink frogs
  A shadow (D:6)
  A spriggan (Lair:3)
  3 wyverns
  8 humans (Bailey)
  57 yaks
  3 basilisks
  5 steam dragons
  A naga (Lair:2)
  2 acid dragons
  Duvessa (D:7)
  6 water moccasins
  A floating eye (shapeshifter) (D:6)
  6 orc warriors (D:9)
  A black bear (D:5)
  A centaur (D:9)
  4 ogres
  3 wolves
  A phantom (D:4)
  19 bullfrogs
  17 kobold brigands
  7 wights
  Dowan (D:7)
  12 killer bees
  3 howler monkeys
  A crimson imp (D:5)
  6 hounds
  3 jellies
  6 orc priests
  Crazy Yiuf (D:3)
  Terence (D:3)
  A sleepcap (D:5)
  An orc wizard (D:9)
  2 hell rats (Lair:4)
  7 gnolls
  7 adders
  An ufetubus (D:5)
  4 worms
  2 dart slugs
  39 orcs
  5 ball pythons
  3 bats
  8 endoplasms
  2 giant cockroaches (D:2)
  15 goblins
  11 hobgoblins
  4 quokkas
  A goblin skeleton (D:5)
  A goblin zombie (D:5)
  A hobgoblin zombie (D:5)
  16 kobolds
  A kobold skeleton (D:5)
  A kobold zombie (D:5)
  2 orc skeletons (D:5)
  3 orc zombies (D:5)
  6 rats
363 creatures vanquished.

Vanquished Creatures (collateral kills)
  2 kobolds (D:10)
2 creatures vanquished.

Vanquished Creatures (others)
  A kobold brigand (D:10)
  A killer bee (D:5)
  2 kobolds (D:10)
4 creatures vanquished.

Grand Total: 369 creatures vanquished

Notes
Turn   | Place    | Note
-------+----------+-------------------------------------------
     0 | D:1      | Zeor the Gargoyle Gladiator began the quest for the Orb.
     0 | D:1      | Reached XP level 1. HP: 12/12 MP: 1/1
   130 | D:1      | Reached XP level 2. HP: 15/17 MP: 2/2
   476 | D:2      | Reached XP level 3. HP: 21/22 MP: 3/3
   839 | D:2      | Reached skill level 4 in Staves
  1110 | D:2      | Reached XP level 4. HP: 27/27 MP: 4/4
  1308 | D:3      | Noticed Terence
  1316 | D:3      | Killed Terence
  1701 | D:3      | Found a runed translucent door.
  1702 | D:3      | Noticed Crazy Yiuf
  1709 | D:3      | Killed Crazy Yiuf
  1710 | D:3      | Reached skill level 5 in Staves
  1710 | D:3      | Reached skill level 1 in Armour
  1710 | D:3      | Reached XP level 5. HP: 21/31 MP: 1/5
  2108 | D:3      | Identified a scroll of acquirement
  2108 | D:3      | Acquired the amulet of Starshine {Spirit Int+3}
  2395 | D:4      | Noticed a phantom
  2404 | D:4      | Killed a phantom
  2405 | D:4      | Reached XP level 6. HP: 32/36 MP: 6/6
  2541 | D:4      | Reached skill level 6 in Staves
  2786 | D:5      | Entered Level 5 of the Dungeon
  2805 | D:5      | Found Luggof's Distillery.
  2813 | D:5      | Bought a potion of heal wounds for 70 gold pieces
  2893 | D:5      | Found a glowing golden altar of the Shining One.
  2910 | D:5      | Reached XP level 7. HP: 39/41 MP: 7/7
  3104 | D:5      | Reached skill level 7 in Staves
  3418 | D:5      | Noticed a steam dragon
  3430 | D:5      | Killed a steam dragon
  3431 | D:5      | Reached XP level 8. HP: 40/48 MP: 5/8
  3542 | D:5      | Reached skill level 8 in Staves
  3625 | D:5      | Reached skill level 9 in Staves
  3850 | D:6      | Found a staircase to the Ecumenical Temple.
  3867 | D:6      | Reached XP level 9. HP: 44/52 MP: 6/9
  3887 | Temple   | Entered the Ecumenical Temple
  4351 | D:6      | Reached skill level 10 in Staves
  4479 | D:6      | an ice beast changed into a glowing shapeshifter
  4479 | D:6      | Noticed a glowing shapeshifter (glowing shapeshifter)
  4479 | D:6      | a glowing shapeshifter changed into a floating eye
  4549 | D:6      | Reached skill level 5 in Fighting
  4609 | D:6      | Noticed Prince Ribbit
  4619 | D:6      | Killed Prince Ribbit
  4776 | D:6      | Reached skill level 5 in Armour
  4968 | D:7      | Noticed Duvessa
  4968 | D:7      | Noticed Dowan
  5003 | D:7      | Killed Duvessa
  5012 | D:7      | Killed Dowan
  5013 | D:7      | Reached skill level 11 in Staves
  5048 | D:7      | Found Leeprumo's Distillery.
  5060 | D:7      | Bought a potion of heal wounds for 55 gold pieces
  5060 | D:7      | Bought a potion of might for 44 gold pieces
  5090 | D:7      | Found a flagged portal.
  5097 | Bailey   | Entered a bailey
  5181 | Bailey   | Reached XP level 10. HP: 23/60 MP: 3/10
  5383 | Bailey   | Reached skill level 12 in Staves
  5545 | Bailey   | Noticed a vault guard
  5560 | Bailey   | Killed a vault guard
  5606 | Bailey   | Noticed a vault guard
  5631 | D:7      | Found Jaffabo's Weapon Boutique.
  5637 | D:7      | Found Hiusao's Armour Shoppe.
  5675 | D:7      | Found Eciamast's General Store.
  5684 | D:7      | Bought a scroll of identify for 32 gold pieces
  5852 | D:7      | Noticed Joseph
  5870 | D:7      | Killed Joseph
  6129 | D:8      | Reached skill level 13 in Staves
  6172 | D:8      | Identified the +1 ring mail of the Dragon {Will+}
  6189 | D:8      | Found Zuffuqac's Jewellery Boutique.
  6601 | D:8      | Reached XP level 11. HP: 65/67 MP: 11/11
  7099 | D:8      | Learned a level 1 spell: Sandblast
  7103 | D:8      | Learned a level 3 spell: Stone Arrow
  7106 | D:8      | Learned a level 2 spell: Passwall
  7257 | Temple   | Became a worshipper of Vehumet
  7409 | D:9      | Reached skill level 1 in Stealth
  7409 | D:9      | Reached skill level 1 in Spellcasting
  7409 | D:9      | Reached skill level 1 in Earth Magic
  7683 | D:9      | Reached * piety under Vehumet
  7683 | D:9      | Offered knowledge of Kiss of Death by Vehumet.
  7686 | D:9      | Learned a level 1 spell: Kiss of Death
  8162 | D:9      | Found a glowing silver altar of Zin.
  8171 | D:9      | Offered knowledge of Freeze by Vehumet.
  8189 | D:9      | Reached ** piety under Vehumet
  8190 | D:9      | Reached skill level 14 in Staves
  8402 | D:10     | Entered Level 10 of the Dungeon
  8473 | D:10     | Found a bloodstained altar of Trog.
  8491 | D:10     | Found a staircase to the Lair.
  8622 | D:10     | Reached skill level 1 in Maces & Flails
  8717 | D:10     | Noticed a two-headed ogre
  8736 | Lair:1   | Entered Level 1 of the Lair of Beasts
  8763 | Lair:1   | Offered knowledge of Volatile Blastmotes by Vehumet.
  8765 | Lair:1   | Reached XP level 12. HP: 66/73 MP: 12/16
  9126 | Lair:1   | Reached skill level 1 in Conjurations
  9150 | Lair:1   | Reached *** piety under Vehumet
  9580 | Lair:2   | Found a staircase to the Shoals.
  9891 | Lair:2   | Noticed a four-headed hydra
  9915 | Lair:2   | Killed a four-headed hydra
 10220 | Lair:2   | Learned a level 3 spell: Mephitic Cloud
 10348 | Lair:2   | Found a staircase to the Snake Pit.
 10901 | Lair:3   | Identified the +2 pair of gloves of Responsibility {Will+}
 10985 | Lair:3   | Reached skill level 5 in Earth Magic
 11002 | Lair:3   | Reached skill level 1 in Poison Magic
 11676 | Lair:3   | Offered knowledge of Frozen Ramparts by Vehumet.
 11746 | Lair:3   | Learned a level 3 spell: Frozen Ramparts
 11800 | Lair:3   | Found a runed translucent door.
 11801 | Lair:3   | Noticed Ebla's ghost (journeyman VSFE)
 11805 | Lair:3   | Identified the +4 spear "Hoosie" {freeze, +Blink Fly rCorr
                  | Int-4}
 11825 | Lair:3   | Reached skill level 5 in Conjurations
 11982 | Lair:3   | Reached XP level 13. HP: 77/80 MP: 14/19
 12379 | Lair:4   | Reached skill level 5 in Spellcasting
 12623 | Lair:4   | Reached **** piety under Vehumet
 12846 | Lair:4   | Slain by a death yak

Illustrated notes

Levels and vault maps discovered:
D:1:      zelgadis_glass_arrival_small, layout_basic
D:2:      layout_loops_ring
D:3:      layout_loops_ring, dk_noncrumbling_3, uniq_terence,
          uniq_crazy_yiuf_cottage
D:4:      layout_rooms
D:5:      layout_rooms, nicolae_tso_besieged_by_evil, serial_shops, shop,
          minmay_divided_ellipse
D:6:      layout_loops_cross, minmay_temple_entry_mist, uniq_prince_ribbit1
D:7:      layout_cave_pools, enter_bailey_3, serial_shops,
          nicolae_lakefront_shop, shop, nicolae_shop_bloodbath_and_beyond,
          nicolae_shop_statue_plus, hangedman_glass_teeth, uniq_joseph,
          uniq_duvessa
D:8:      layout_loops_ring, serial_shops, shop, chequers_serial_rivers_room_b
D:9:      layout_rooms, nicolae_overflow_crystal_walls, special_room
          [special_room_orc]
D:10:     layout_roguey [special_room_kobold], okawaru_ov_weapons_minmay,
          nzn_wu_jian_council_hall, mainiacjoe_overflow_concentric_impassable,
          lair_entry_dummy
Temple:   minmay_temple_bridge_d
Lair:1:   layout_cave_shapes, lemuel_fruit_fields
Lair:2:   layout_chaotic_city, shoals_dummy_entry, guppyfry_snake_entry_garden,
          hangedman_lair_unloving_vines, lemuel_fruit_tree
Lair:3:   layout_cave_pods, ebering_ghost_funeral_grove,
          grunt_forest_large_clearing_hut, grunt_megastairs_3
Lair:4:   layout_roguey, slime_entry_2, grunt_megastairs_5

Skill      XL: |  1  2  3  4  5  6  7  8  9 10 11 12 13 |
---------------+----------------------------------------+-----
Staves         | 4 5 6 7 9 11 13 14 | 14.6
Armour         | 1 2 3 4 5 7 8 |  8.7
Throwing       | 2 3 |  3.2
Fighting       | 3 4 5 7 8 9 |  9.3
Dodging        | 3 4 |  4.5
Stealth        | 1 3 4 |  4.5
Spellcasting   | 3 4 5 |  5.7
Earth Magic    | 4 6 |  6.8
Maces & Flails | 1 |  1.7
Conjurations   | 5 |  5.7
Poison Magic   | 1 |  1.7
Transmutations | |  0.2
Ice Magic      | |  0.8
Air Magic      | |  0.8

Action                     |  1- 3 |  4- 6 |  7- 9 | 10-12 | 13-15 || total
---------------------------+-------+-------+-------+-------+-------++-------
  Melee: Quarterstaff      |    99 |   132 |   258 |   855 |   142 ||  1486
         Mace              |       |       |       |    40 |       ||    40
  Throw: Boomerang         |       |    11 |     8 |     2 |       ||    21
         Javelin           |       |     3 |     2 |       |       ||     5
         Dart              |       |       |     1 |       |       ||     1
         Throwing net      |       |       |       |     2 |       ||     2
   Cast: Sandblast         |       |       |       |    17 |     2 ||    19
         Stone Arrow       |       |       |       |    51 |    11 ||    62
         Mephitic Cloud    |       |       |       |    11 |     6 ||    17
         Frozen Ramparts   |       |       |       |     1 |    13 ||    14
         Passwall          |       |       |       |     1 |       ||     1
  Evoke: Piece from Xom's  |       |       |       |     1 |       ||     1
    Use: Potion            |     1 |       |     2 |     4 |     1 ||     8
         Scroll            |       |    18 |     4 |     5 |     2 ||    29
   Stab: Paralysed         |       |     1 |       |       |       ||     1
         Held in net/web   |       |       |       |     3 |       ||     3
         Confused          |       |       |       |    10 |     8 ||    18
 Armour: Leather armour    |    19 |       |       |       |       ||    19
         Plate armour      |     9 |    88 |   188 |   110 |       ||   395
         Ring mail         |       |       |       |   279 |    47 ||   326
  Dodge: Dodged            |    44 |    47 |    86 |   349 |    43 ||   569
